 Dungeon Crawl Stone Soup version 0.28-a0-655-g4eb62b627b (webtiles) character file.

Game seed: 5073931358238136281

3186 willcat the Covert (level 10, -5/70 HPs)
             Began as a Human Delver on Oct 13, 2021.
             Slain by a manticore (22 damage)
             ... on level 7 of the Dungeon.
             The game lasted 00:06:43 (4593 turns).

willcat the Covert (Human Delver)                   Turns: 4593, Time: 00:06:44

Health: -5/70      AC:  7    Str: 17    XL:     10   Next: 16%
Magic:  10/10      EV: 11    Int: 12    God:
Gold:   239        SH:  9    Dex: 21    Spells: 9/9 levels left

rFire   . . .      SeeInvis .   s - +2 rapier (elec)
rCold   . . .      Faith    .   y - +0 kite shield
rNeg    . . .      Spirit   .   k - +0 ring mail
rPois   .          Reflect  .   i - +0 helmet
rElec   .          Harm     .   (no cloak)
rCorr   .          Rampage  .   (no gloves)
Will    .....                   (no boots)
Stlth   ++++......              p - amulet of regeneration
HPRegen 1.21/turn               e - ring "Ziolylei" {Str+3 Dex+6}
MPRegen 0.12/turn               x - ring of wizardry

@: studying Long Blades
A: no striking features
a: no special abilities


You were on level 7 of the Dungeon.
You visited 1 branch of the dungeon, and saw 4 of its levels.

You collected 239 gold pieces.

Inventory:

Hand Weapons
 f - a +2 short sword of speed
 s - a +2 rapier of electrocution (weapon)
Armour
 b - a +0 leather armour
 i - a +0 helmet (worn)
 k - a +0 ring mail (worn)
 y - a +0 kite shield (worn)
Jewellery
 e - the ring "Ziolylei" (left hand) {Str+3 Dex+6}
   (You acquired it on level 5 of the Dungeon)

   [ring of dexterity]

   Str:       It affects your strength (+3).
   Dex:       It affects your dexterity (+6).
 j - a ring of ice
 n - an amulet of faith
 o - an amulet of magic regeneration
 p - an amulet of regeneration (around neck)
 x - a ring of wizardry (right hand)
Wands
 g - a wand of digging (3)
Scrolls
 c - 2 scrolls of fog
 d - 2 scrolls of magic mapping
 r - a scroll of torment {unknown}
 t - a scroll of teleportation {unknown}
 v - a scroll of immolation {unknown}
Potions
 a - a potion of berserk rage {unknown}
 h - a potion of lignification {unknown}
 l - a potion of resistance {unknown}
 q - 2 potions of curing {unknown}
 u - a potion of brilliance {unknown}
 w - a potion of heal wounds {unknown}
 z - 4 potions of degeneration {unknown}


   Skills:
 - Level 3.0 Fighting
 + Level 8.0 Short Blades
 + Level 6.5 Armour
 - Level 4.3 Dodging
 + Level 9.8 Stealth
 + Level 2.2 Shields


You had 9 spell levels left.
You didn't know any spells.
Your spell library contained the following spells:

 Spells                   Type           Power      Damage    Failure   Level
 Sandblast                Erth           0%         2d4       71%         1
 Excruciating Wounds      Necr           0%         N/A       100%        5
 Simulacrum               Ice/Necr       0%         N/A       100%        6
 Necromutation            Tmut/Necr      0%         N/A       100%        8


Dungeon Overview and Level Annotations

Branches:
Dungeon (7/15)
 Temple: D:4-7

Altars:
Elyvilon

Shops:
D:5 !*

Annotations:
D:4 2 runed translucent doors


Message History

No target in view!
Things that are here:
a +0 club; a gnoll corpse No target in view!
h - a murky red potion No target in view!
A manticore is nearby!
A manticore is nearby!
A manticore is nearby!
You hit the manticore.
The manticore is lightly wounded.
The manticore completely misses you. You block the manticore's attack.
The manticore claws you!
You hit the manticore.
Lightning courses through the manticore!
The manticore is moderately wounded.
You block the manticore's attack. The manticore claws you. x2
You puncture the manticore!
Lightning courses through the manticore!!
The manticore is almost dead.
The manticore closely misses you. You block the manticore's attack.
The manticore barely misses you.
You closely miss the manticore.
The manticore is almost dead.
The manticore bites you! The manticore claws you. x2
You hit the manticore.
The manticore is almost dead.
The manticore bites you!! The manticore closely misses you.
You block the manticore's attack.
You hit the manticore.
The manticore is almost dead.
The manticore bites you.
The manticore claws you but does no damage.
The manticore claws you!
* * * LOW HITPOINT WARNING * * *
Unknown command.
You hit the manticore but do no damage.
The manticore is almost dead.
The manticore bites you!!
You die...

..##..........###.#.##
.##....##...###..##..#
##....##.(####.###...#
#.### #..###†..##..#.#
#.#####..#...###.....#
...†.....#.#.##..#.###
#######.)..###...#.#
#..#.##..#.#.#
##.###..##@#.# #.##..#
#H#.# #.#..# #.#.#
#...# #.. #### ###


You could see a manticore.

Vanquished Creatures
  Pikel (D:6)
  An ugly thing (D:6)
  A centaur zombie (D:6)
  A vampire (D:7)
  A basilisk (D:7)
  A water moccasin (D:6)
  A hornet zombie (D:7)
  A sky beast (D:7)
  A necrophage (D:6)
  An ogre (D:6)
  A centaur (D:7)
  A lemure (D:6)
  A gnoll sergeant (D:7)
  A bullfrog (D:7)
  4 scorpions
  A wyvern skeleton (D:7)
  A killer bee (D:4)
  6 wights
  A bullfrog zombie (D:6)
  A centaur skeleton (D:4)
  2 hounds (D:6)
  6 iguanas
  A scorpion zombie (D:4)
  An orc wizard (D:4)
  A hound zombie (D:5)
  9 gnolls (D:7)
  An adder (D:5)
  A worm (D:4)
  A dart slug (D:4)
  4 orcs
  A ball python (D:4)
  9 goblins (D:4)
  3 hobgoblins (D:4)
  4 kobolds (D:4)
  3 quokkas (D:4)
75 creatures vanquished.

Vanquished Creatures (others)
  A butterfly (D:5)
1 creature vanquished.

Grand Total: 76 creatures vanquished

Notes
Turn   | Place    | Note
-------+----------+-------------------------------------------
     0 | D:5      | willcat the Human Delver began the quest for the Orb.
     0 | D:5      | Reached XP level 1. HP: 18/18 MP: 1/1
    48 | D:5      | Found a white marble altar of Elyvilon.
    82 | D:5      | Noticed a black bear
   108 | D:5      | Noticed a scorpion
   139 | D:5      | Found Kafimaunn's General Store.
   301 | D:6      | Noticed a hound
   325 | D:6      | Killed a hound
   326 | D:6      | Reached XP level 2. HP: 14/24 MP: 2/2
   326 | D:6      | Reached XP level 3. HP: 16/29 MP: 3/3
   497 | D:6      | Noticed a centaur warrior zombie
   533 | D:6      | Killed a centaur warrior zombie
   534 | D:6      | Reached skill level 6 in Stealth
   534 | D:6      | Reached XP level 4. HP: 5/35 MP: 4/4
   534 | D:6      | Reached XP level 5. HP: 6/41 MP: 5/5
   534 | D:6      | Reached XP level 6. HP: 7/47 MP: 6/6
   860 | D:5      | Found Housesh's Distillery.
  1106 | D:6      | Noticed Pikel
  1164 | D:6      | Reached XP level 7. HP: 30/52 MP: 7/7
  1541 | D:5      | Reached skill level 1 in Armour
  1996 | D:5      | Reached skill level 7 in Stealth
  2002 | D:5      | Identified a scroll of acquirement
  2002 | D:5      | Acquired the ring "Ziolylei" {Str+3 Dex+6}
  2560 | D:4      | Reached skill level 5 in Short Blades
  2613 | D:4      | Found a large runed translucent door.
  2613 | D:4      | Found a large runed translucent door.
  2644 | D:4      | Reached XP level 8. HP: 32/58 MP: 8/8
  2671 | D:4      | Found a large runed translucent door.
  2671 | D:4      | Found a large runed translucent door.
  2768 | D:4      | Found the +3 giant club "Skullcrusher" {speed, Str+7}
  3030 | D:4      | Got the Almanac of Ashen Evil Secrets
  3706 | D:6      | Killed Pikel
  3707 | D:6      | Reached skill level 8 in Stealth
  3707 | D:6      | Reached XP level 9. HP: 50/63 MP: 9/9
  3761 | D:6      | Noticed a green ugly thing
  3775 | D:6      | Killed a green ugly thing
  3776 | D:6      | Reached skill level 5 in Armour
  3776 | D:6      | Reached skill level 9 in Stealth
  4465 | D:7      | Noticed a manticore
  4485 | D:7      | Reached skill level 1 in Shields
  4485 | D:7      | Reached XP level 10. HP: 63/70 MP: 10/10
  4593 | D:7      | Slain by a manticore

Illustrated notes

Levels and vault maps discovered:
D:4:      cheibrodos_greedy_goblins, layout_loops_cross,
          minmay_hollow_rounded_squares
D:5:      layout_basic, nicolae_elyvilon_peaceful_grove, serial_shops, shop,
          nicolae_stop_n_shop_1, grunt_decor_junction
D:6:      layout_gridville, minmay_misc_feat_five,
          hangedman_abyss_or_decor_passed, uniq_pikel
D:7:      layout_basic, minmay_temple_entry_junction, kennysheep_flooded_box,
          kennysheep_another_room, nrook_mini_backslash,
          minmay_manual_mandibuliform

Skill      XL: |  1  2  3  4  5  6  7  8  9 10 |
---------------+-------------------------------+-----
Short Blades   | 4 5 6 7 8 |  8.0
Dodging        | 4 |  4.3
Stealth        | 6 7 8 9 |  9.8
Armour         | 2 4 6 |  6.5
Shields        | 1 2 |  2.2
Fighting       | |  3.0

Action                   |  1- 3 |  4- 6 |  7- 9 | 10-12 || total
-------------------------+-------+-------+-------+-------++-------
Melee: Short sword       |    47 |    26 |    97 |       ||   170
       Rapier            |       |       |   156 |    25 ||   181
  Use: Scroll            |       |     1 |     4 |       ||     5
       Potion            |       |       |     1 |       ||     1
 Stab: Sleeping          |     1 |       |    20 |       ||    21
       Distracted        |       |       |       |     2 ||     2
Armor: Leather armour    |    38 |     4 |     2 |       ||    44
       Ring mail         |       |       |    39 |     7 ||    46
Dodge: Dodged            |    37 |    22 |   118 |     8 ||   185
Block: Kite shield       |       |       |    30 |     7 ||    37

Table legend: (Time is in decaauts)
 A = Elapsed time spent in this place.
 B = Non-inter-level travel time spent in this place.
 C = Inter-level travel time spent in this place.
 D = Time resting spent in this place.
 E = Time spent auto-exploring this place.
 F = Levels seen in this place.
 G = Mean time per level.
                   A        B        C        D        E       F      G
               +--------+--------+--------+--------+--------+-----+--------+
         Total |   4542 |   4414 |    128 |   1306 |   2053 |   4 | 1135.5 |
       Dungeon |   4542 |   4414 |    128 |   1306 |   2053 |   4 | 1135.5 |
               +--------+--------+--------+--------+--------+-----+--------+

Top non-repeatable levels by time:
     D:6: 1748 daAuts
     D:4: 1197 daAuts
     D:5: 1091 daAuts
     D:7: 504 daAuts
